 Dungeon Crawl Stone Soup version 0.21.0-3-g78d12a8 (webtiles) character file.

140 Monsterracer the Ducker (level 5, -2/42 HPs)
             Began as a Merfolk Air Elementalist on Jan 9, 2018.
             Was a Follower of Sif Muna.
             Slain by an orc
             ... wielding a +0 war axe
              (7 damage)
             ... on level 3 of the Dungeon.
             The game lasted 00:04:35 (2478 turns).

Monsterracer the Ducker (Merfolk Air Elementalist)  Turns: 2478, Time: 00:04:36

Health: -2/42      AC:  3    Str:  9    XL:     5   Next: 22%
Magic:  0/8        EV: 14    Int: 15    God:    Sif Muna [*.....]
Gold:   137        SH:  0    Dex: 14    Spells: 5/8 levels left

rFire    + . .     SeeInvis .   a - +0 hunting sling (velocity)
rCold    x . .     Gourm    .   (no shield)
rNeg     . . .     Faith    .   r - +0 robe
rPois    .         Spirit   +   (no helmet)
rElec    .         Reflect  .   d - scarf {Spirit}
rCorr    .         Harm     .   e - +0 pair of gloves
MR       .....                  (no boots)
Stlth    +++.......             (no amulet)
HPRegen  0.14/turn              n - ring of stealth
MPRegen  0.11/turn              A - ring of fire

@: lethally poisoned (-2 -> -4), very slightly contaminated
A: change form in water, swift swim, stealthy swim
a: Divine Energy, Renounce Religion


You were on level 3 of the Dungeon.
You worshipped Sif Muna.
Sif Muna was aware of your devotion.
You were hungry.

You visited 1 branch of the dungeon, and saw 3 of its levels.

You collected 137 gold pieces.

Inventory:

Hand Weapons
 a - a +0 hunting sling of velocity (weapon)
 b - a +0 dagger
Missiles
 l - 71 stones (quivered)
 y - a throwing net
Armour
 d - a scarf of spirit shield (worn)
 e - a +0 pair of gloves (worn)
 k - a +0 scale mail
 r - a +0 robe (worn)
Jewellery
 n - a ring of stealth (left hand)
 A - a ring of fire (right hand)
Scrolls
 f - 2 scrolls of identify {unknown}
 g - a scroll of teleportation {unknown}
 h - 2 scrolls of noise {unknown}
 m - a scroll of remove curse {unknown}
 o - 2 scrolls of amnesia {unknown}
 s - a scroll of fear {unknown}
 t - a scroll of fog {unknown}
Potions
 i - a potion of haste {unknown}
 j - a potion of magic {unknown}
 p - a potion of invisibility {unknown}
 q - a potion of lignification {unknown}
 u - a potion of resistance {unknown}
 v - a potion of curing {unknown}
 w - a potion of agility {unknown}
 x - a potion of cancellation {unknown}
 z - a potion of might {unknown}
Comestibles
 c - 3 rations


   Skills:
 * Level 3.7 Fighting
 + Level 4.1 Dodging
 + Level 3.4 Stealth
 - Level 2.0 Spellcasting
 - Level 0.7 Conjurations
 - Level 2.4 Air Magic


You had 5 spell levels left.
You knew the following spells:

 Your Spells              Type           Power        Failure   Level  Hunger
a - Shock                 Conj/Air       #...         12%         1    #......
b - Swiftness             Chrm/Air       #.......     21%         2    ###....


Dungeon Overview and Level Annotations

Branches:
Dungeon (3/15)

Altars:
Makhleb
Sif Muna


Message History

The stone hits the orc.
The orc is moderately wounded.
The worker ant bites you. The worker ant misses you.
You take 5 damage, and have 31/41 hp.
You now have 0/8 mp.
Firing (i - inventory. (,) - cycle):
l - 82 stones (quivered)
Press: ? - help, Shift-Dir - straight line, f/p - worker ant
Aim: a worker ant (heavily wounded)
You shoot a stone.
The stone closely misses the worker ant.
The stone hits the orc.
The orc is heavily wounded.
The worker ant misses you.
Firing (i - inventory. (,) - cycle):
l - 81 stones (quivered)
Press: ? - help, Shift-Dir - straight line, f/p - worker ant
Aim: a worker ant (heavily wounded)
You shoot a stone.
The stone hits the worker ant but does no damage.
The worker ant is heavily wounded.
The worker ant completely misses you. The worker ant bites you.
You are poisoned.
The worker ant poisons you!
You take 3 damage, and have 29/41 hp.
You are too injured to fight recklessly!
You are too injured to fight recklessly!
You are too injured to fight recklessly!
Firing (i - inventory. (,) - cycle):
l - 80 stones (quivered)
Press: ? - help, Shift-Dir - straight line, f/p - worker ant
Aim: a worker ant (heavily wounded)
You shoot a stone. The stone hits the worker ant.
The worker ant is almost dead.
You feel sick.
The orc wizard miscasts a cantrip.
The worker ant misses you.
You take 1 damage, and have 28/41 hp.
Firing (i - inventory. (,) - cycle):
l - 79 stones (quivered)
Press: ? - help, Shift-Dir - straight line, f/p - worker ant
Aim: a worker ant (almost dead)
You shoot a stone. The stone hits the worker ant.
You kill the worker ant!
Sif Muna accepts your kill.
You feel sick.
Firing (i - inventory. (,) - cycle):
l - 78 stones (quivered)
Press: ? - help, Shift-Dir - straight line, f - orc wizard
Aim: an orc wizard, wielding a dagger and wearing a robe (fast)
You shoot a stone.
The stone closely misses the orc wizard.
The orc wizard hits you with a dagger.
The orc wizard hits you but does no damage.
You take 3 damage, and have 25/42 hp.
Firing (i - inventory. (,) - cycle):
l - 77 stones (quivered)
Press: ? - help, Shift-Dir - straight line, f/p - orc wizard
Aim: an orc wizard, wielding a dagger and wearing a robe (fast)
You shoot a stone. The stone barely misses the orc wizard.
The orc wizard closely misses you. The orc hits you with a war axe.
The orc wizard closely misses you.
You take 1 damage, and have 24/42 hp.
Firing (i - inventory. (,) - cycle):
l - 76 stones (quivered)
Press: ? - help, Shift-Dir - straight line, f/p - orc wizard
Aim: an orc wizard, wielding a dagger and wearing a robe (fast)
You shoot a stone. The stone hits the orc wizard.
The orc wizard is lightly wounded.
You feel sick. The orc barely misses you.
The orc wizard hits you with a dagger.
* * * LOW HITPOINT WARNING * * *
The orc wizard looks encouraged for a moment.
You take 3 damage, and have 21/42 hp.
Firing (i - inventory. (,) - cycle):
l - 75 stones (quivered)
Press: ? - help, Shift-Dir - straight line, f/p - orc wizard
Aim: an orc wizard, wielding a dagger and wearing a robe (lightly wounded, fast)
You shoot a stone. The stone hits the orc wizard.
The orc wizard is moderately wounded.
The orc closely misses you. The orc wizard misses you.
Firing (i - inventory. (,) - cycle):
l - 74 stones (quivered)
Press: ? - help, Shift-Dir - straight line, f/p - orc wizard
Aim: an orc wizard, wielding a dagger and wearing a robe (moderately wounded, fast)
You shoot a stone. The stone hits the orc wizard.
The orc wizard is severely wounded.
You feel sick.
The orc wizard hits you but does no damage.
The orc barely misses you.
The orc wizard hits you but does no damage.
Firing (i - inventory. (,) - cycle):
l - 73 stones (quivered)
Press: ? - help, Shift-Dir - straight line, f/p - orc wizard
Aim: an orc wizard, wielding a dagger and wearing a robe (severely wounded, fast)
You shoot a stone. The stone barely misses the orc wizard.
The orc wizard closely misses you. The orc hits you with a war axe!
* * * LOW HITPOINT WARNING * * *
The orc wizard points at you and mumbles some strange words.
The puff of flame hits you! You resist.
* * * LOW HITPOINT WARNING * * *
You take 14 damage, and have 7/42 hp.
MASSIVE DAMAGE!!
Firing (i - inventory. (,) - cycle):
l - 72 stones (quivered)
Press: ? - help, Shift-Dir - straight line, f/p - orc wizard
Aim: an orc wizard, wielding a dagger and wearing a robe (severely wounded, fast)
You shoot a stone. The stone hits the orc wizard.
The orc wizard is almost dead.
The orc wizard hits you with a dagger.
* * * LOW HITPOINT WARNING * * *
The orc hits you with a war axe!
You die...

........### ...8
..........##...#
..........#.....
#..............# ...
#..............#.....
.............# ...S.
..........#..# ..... #
#..........###.#.# #.#
#.......#..@o#.#.# ....
##.....#####o#.#.##.....
##.<.## #..(.#..o..#
##### ##o#..).###.#
#..#.)......oo.
#....######.#.. #..###
#.. ....


You could see an orc wizard and an orc.

Vanquished Creatures
  A hound (D:2)
  Jessica (D:2)
  A worker ant (D:3)
  An adder (D:2)
  A dart slug (D:1)
  4 leopard geckos
  4 orcs
  5 bats
  3 giant cockroaches
  A goblin (D:1)
  5 hobgoblins
  A quokka (D:2)
  2 ball pythons
  7 frilled lizards
  3 kobolds
  7 rats
47 creatures vanquished.

Notes
Turn   | Place    | Note
-------+----------+-------------------------------------------
     0 | D:1      | Monsterracer the Merfolk Air Elementalist began the quest for the Orb.
     0 | D:1      | Reached XP level 1. HP: 13/13 MP: 3/3
   369 | D:1      | Reached skill level 1 in Fighting
   534 | D:1      | Reached skill level 3 in Dodging
   534 | D:1      | Reached XP level 2. HP: 21/21 MP: 5/5
  1249 | D:2      | Found a burning altar of Makhleb.
  1265 | D:2      | HP: 11/22 [hound (2)]
  1266 | D:2      | Reached XP level 3. HP: 15/28 MP: 2/6
  1426 | D:2      | Noticed Jessica
  1553 | D:2      | Killed Jessica
  1553 | D:2      | Reached XP level 4. HP: 35/35 MP: 7/7
  1572 | D:2      | Learned a level 2 spell: Swiftness
  1887 | D:2      | Found a faded altar of an unknown god.
  1922 | D:2      | Became a worshipper of Sif Muna the Loreminder
  1922 | D:2      | Reached * piety under Sif Muna
  2459 | D:3      | Reached skill level 4 in Dodging
  2462 | D:3      | Reached XP level 5. HP: 40/41 MP: 0/8
  2474 | D:3      | HP: 21/42 [orc wizard/dagger (2)]
  2477 | D:3      | HP: 10/42 [orc/war axe (11)]
  2478 | D:3      | Slain by an orc

Skill      XL: |  1  2  3  4 |
---------------+-------------+-----
Fighting       | 1 2 3 |  3.7
Dodging        | 3 4 |  4.1
Stealth        | 3 |  3.4
Spellcasting   | |  2.0
Conjurations   | |  0.7
Air Magic      | |  2.4

Action                   |  1- 3 |  4- 6 || total
-------------------------+-------+-------++-------
Melee: Unarmed           |    53 |       ||    53
       Dagger            |    27 |    70 ||    97
       Tailslap          |       |     2 ||     2
 Fire: Hunting sling     |    22 |    28 ||    50
 Cast: Shock             |    19 |    12 ||    31
 Stab: Sleeping          |     3 |     4 ||     7
  Eat: Chunk             |     3 |     2 ||     5
Armor: Robe              |    41 |    22 ||    63
Dodge: Dodged            |   104 |    79 ||   183

Vault maps used:
D:1:      minmay_arrival_checkered_box
D:2:      chequers_ecumenical_altar_island, minmay_hedge_maze, st_stairs_12,
          grunt_ministairs_6, serial_bayou_ford_a, minmay_fountain_box,
          makhleb_heckhound_becter, uniq_jessica
D:3:      serial_corexii_hall, corexii_hall_statues_x, corexii_hall_statues_u,
          corexii_hall_statues_deadend, minmay_box_of_dots
